 Dungeon Crawl Stone Soup version 0.31-a0-366-ga77b45bd9b (webtiles) character file.

Game seed: 3281764412940000604

49 Grim the Ruffian (level 3, 28/28 HPs)
             Began as a Draconian Shapeshifter on July 28, 2023.
             Quit the game on level 4 of the Dungeon.
             The game lasted 00:01:52 (1029 turns).

Grim the Ruffian (Draconian Shapeshifter)           Turns: 1029, Time: 00:01:53

Health: 28/28      AC:  5    Str: 19    XL:     3   Next: 53%
Magic:  3/3        EV: 12    Int:  8    God:
Gold:   87         SH:  0    Dex: 11    Spells: 2/2 levels left

rFire   . .          .
                       - Unarmed
rCold   . . .        (no shield)
rNeg    . . .        (body armour unavailable)
rPois   .            (helmet currently unavailable)
rElec   .            (cloak currently unavailable)
rCorr   .            (gloves currently unavailable)
SInv    .            (boots currently unavailable)
Will    .....        (no amulet)
Stlth   +            (no ring)
HPRegen 0.24/turn    (no ring)
MPRegen 0.08/turn

%: no passive effects
@: beast-form
A: beast (slay +2), AC +5, unfitting armour, cold-blooded
a: Begin Untransformation


You were on level 4 of the Dungeon.
You were a hulking beast.
You visited 1 branch of the dungeon, and saw 3 of its levels.

You collected 87 gold pieces.

Inventory:

Armour
 d - a +0 pair of boots
Talismans
 b - a beast talisman
Scrolls
 e - a scroll of torment {unknown}
 f - a scroll of identify {unknown}
 g - a scroll of teleportation {unknown}
 i - a scroll of silence {unknown}
Potions
 a - a potion of lignification
 c - 2 potions of curing {unknown}
 h - a potion of berserk rage {unknown}


   Skills:
 - Level 1.1 Fighting
 - Level 1.7 Dodging
 * Level 4.1 Unarmed Combat
 + Level 3.4 Shapeshifting


You had 2 spell levels left.
You didn't know any spells.
Your spell library was empty.

Dungeon Overview and Level Annotations

Branches:
Dungeon (2/15)

Altars:


Innate Abilities, Weirdness & Mutations

You are a hulking beast.
Your limbs bulge with bestial killing power. (Slay +2)
Your plain brown scales are hard. (AC +5)
You cannot fit into any form of body armour.
You are cold-blooded and may be slowed by cold attacks.


Message History

You hit the jackal.
The jackal is severely wounded.
The jackal barely misses you.
You hit the jackal.
You kill the jackal!
The jackal closely misses you.
You barely miss the jackal. The jackal barely misses you.
You hit the jackal.
You kill the jackal!
No target in view!
You see here a jackal corpse.
Found a club.
i - a scroll labelled QUTUAK GIFEJOM You see here a +0 club.
A giant cockroach comes into view.
A giant cockroach is nearby!
You hit the giant cockroach.
Your tail-slap misses the giant cockroach.
The giant cockroach is almost dead.
The giant cockroach barely misses you.
You closely miss the giant cockroach. You punch the giant cockroach.
You kill the giant cockroach!
No target in view!
You see here a giant cockroach corpse.
A quokka comes into view.
Found a stone staircase leading down.
A quokka is nearby!
You closely miss the quokka. The quokka closely misses you.
You hit the quokka.
You kill the quokka!
No target in view!
There is a stone staircase leading down here.
A sourceless malevolence fills the Dungeon...
You fall into a shaft and drop 2 floors!
The shaft crumbles and collapses.
Found a ring mail.
No target in view!
Found a ring mail.
Found a stone staircase leading down.
Are you sure you want to abandon this character and quit the game? (Confirm with "yes".)

..........>##
#.............###
##................
##...........[....#
##.................#
##.................#
#................#
##............h...#
##.......[......#.##
#..............## #
#............###
#..........###
##......####
########


There were no monsters in sight!

Vanquished Creatures
  An adder (D:2)
  2 dart slugs (D:1)
  4 ball pythons
  2 bats (D:1)
  2 endoplasms
  A giant cockroach (D:2)
  2 goblins (D:1)
  2 hobgoblins (D:2)
  3 jackals (D:2)
  4 kobolds
  3 quokkas
  5 frilled lizards
  3 rats (D:1)
34 creatures vanquished.

Notes
Turn   | Place    | Note
-------+----------+-------------------------------------------
     0 | D:1      | Grim the Draconian Shapeshifter began the quest for the
                  | Orb.
     0 | D:1      | Reached XP level 1. HP: 16/16 MP: 1/1
   111 | D:1      | Reached XP level 2. HP: 17/23 MP: 2/2
   389 | D:1      | Found a faded altar of an unknown god.
   742 | D:2      | Reached XP level 3. HP: 28/28 MP: 3/3
   753 | D:2      | Reached skill level 4 in Unarmed Combat
  1017 | D:2      | You fall into a shaft and drop 2 floors!
  1029 | D:4      | Quit the game

Illustrated notes

Levels and vault maps discovered:
D:1:      lightli_arrival_lavapool, layout_rooms, ebering_ecumenical_altar_rust
D:2:      layout_loops_ring, kennysheep_generic_room_4
D:4:      layout_cave_pods

Skill      XL: |  1  2  3 |
---------------+----------+-----
Unarmed Combat | 4 |  4.1
Fighting       | |  1.1
Dodging        | |  1.7
Shapeshifting  | |  3.4

Action                     || total
---------------------------++-------
  Melee: Unarmed           ||    90
         Tailslap          ||    10
         Punch             ||     2
   Stab: Sleeping          ||     1
 Armour: Skin              ||    36
  Dodge: Dodged            ||    72
         Form:             ||     1
         Beast             ||     1

Table legend: (Time is in decaauts)
 A = Elapsed time spent in this place.
 B = Non-inter-level travel time spent in this place.
 C = Inter-level travel time spent in this place.
 D = Time resting spent in this place.
 E = Time spent auto-exploring this place.
 F = Levels seen in this place.
 G = Mean time per level.
                   A        B        C        D        E       F      G
               +--------+--------+--------+--------+--------+-----+--------+
         Total |   1024 |   1021 |      3 |    183 |    627 |   3 |  341.3 |
       Dungeon |   1024 |   1021 |      3 |    183 |    627 |   3 |  341.3 |
               +--------+--------+--------+--------+--------+-----+--------+

Top non-repeatable levels by time:
     D:1: 713 daAuts
     D:2: 298 daAuts
     D:4: 11 daAuts
